AoeStats
← 啊超

MegaRandom

507064357Analyzed
4v4 RM · 15d ago on Sep 16, 2026· 39m 44s· 8 players
Game mode
Random Map
Map size
Large (8 player)
Population
200
Speed
Normal
Resources
Standard
Victory
Conquest
Starting age
Dark Age
Ending age
Imperial Age
RankedLock teamsTeams togetherTeam positionsShared explorationLock speedFull tech treeHidden civsTurbo modeCheats
Victory
Defeat
🇫🇷 Ethiopians · France
1203
+12
🇨🇳 Franks · China
1147
+14
🇹🇭 Berbers · Thailand
1127
+15
🇫🇷 Malay · France
1032
+20
🇸🇪 Inca · Sweden
1186
-18
🇸🇪 Vikings · Sweden
1137
-16
🇫🇮 Mongols · Finland
1125
-16
🇸🇪 Khmer · Sweden
999
-11
OwlfromLarsmo
0:29 Loom
9:58 Feudal Age
10:25 Double-Bit Axe
16:46 Castle Age
14:55 Horse Collar
16:47 Stone Mining
17:38 Bow Saw
17:45 Town Watch
22:34 Fletching
24:08 Wheelbarrow
24:34 Gold Mining
25:40 Elite Skirmisher
26:34 Bodkin Arrow
29:05 Thumb Ring
29:23 Padded Archer Armor
31:22 Husbandry
33:51 Heavy Plow
36:33 Imperial Age
35:10 Gold Shaft Mining
36:35 Bloodlines
37:36 Ballistics
38:17 Chemistry
36:41 Elite Mangudai
37:55 Parthian Tactics
XWeda
0:47 Loom
9:25 Feudal Age
16:56 Castle Age
16:20 Double-Bit Axe
16:17 Horse Collar
17:05 Bloodlines
19:59 Husbandry
20:33 Bow Saw
23:13 Wheelbarrow
27:15 Hand Cart
28:24 Heavy Plow
28:41 Forging
29:16 Scale Barding Armor
33:20 Iron Casting
33:05 Chain Barding Armor
35:34 Imperial Age
36:41 Cavalier
38:26 Blast Furnace
Wavedash
9:03 Loom
10:50 Feudal Age
9:05 Loom
9:44 Loom
15:21 Castle Age
14:55 Double-Bit Axe
16:42 Padded Archer Armor
16:37 Crossbowman
18:17 Bow Saw
18:49 Fletching
23:59 Ballistics
24:20 Bodkin Arrow
28:54 Treadmill Crane
29:46 Horse Collar
30:47 Stone Mining
37:29 Imperial Age
36:04 Gold Mining
36:15 Heavy Plow
37:24 Caravan
Redlocke
8:55 Loom
10:41 Feudal Age
11:42 Double-Bit Axe
15:18 Castle Age
13:49 Champi Runner
14:43 Scale Mail Armor
14:45 Horse Collar
16:38 Champi Warrior
17:39 Chain Mail Armor
21:52 Town Watch
23:46 Wheelbarrow
23:22 Squires
24:16 Forging
25:38 Bow Saw
26:07 Iron Casting
27:11 Masonry
29:57 Hand Cart
31:10 Fletching
31:02 Treadmill Crane
34:18 Imperial Age
34:37 Elite Kamayuk
36:33 Plate Mail Armor
36:24 Caravan
36:58 Fortified Wall
36:45 Pikeman
Elfufu
0:51 Loom
9:16 Feudal Age
9:13 Double-Bit Axe
17:14 Castle Age
18:08 Bow Saw
19:04 Horse Collar
20:40 Heavy Plow
22:26 Gold Mining
23:39 Wheelbarrow
29:23 Imperial Age
28:53 Stone Mining
29:37 Crop Rotation
29:19 Elite Karambit Warrior
30:58 Forging
30:44 Town Watch
32:38 Hand Cart
33:28 Iron Casting
32:56 Squires
32:42 Arson
35:41 Stone Shaft Mining
35:41 Gold Shaft Mining
36:01 Conscription
Le Miel Jospin
0:31 Loom
9:23 Feudal Age
13:25 Castle Age
11:51 Double-Bit Axe
13:37 Fletching
13:32 Crossbowman
15:05 Bow Saw
17:55 Horse Collar
25:21 Stone Mining
32:03 Imperial Age
30:09 Wheelbarrow
30:14 Thumb Ring
30:23 Bodkin Arrow
30:47 Padded Archer Armor
32:47 Bracer
32:09 Arbalester
34:34 Conscription
34:32 Hand Cart
35:03 Ballistics
35:43 Chemistry
36:42 Leather Archer Armor
38:23 Scale Mail Armor
38:54 Ring Archer Armor
38:35 Forging
Stinkin Hippy
0:46 Loom
11:28 Feudal Age
15:00 Castle Age
14:59 Double-Bit Axe
14:57 Horse Collar
18:12 Fletching
19:19 Bodkin Arrow
22:34 Padded Archer Armor
25:41 Ballistics
26:44 Wheelbarrow
30:18 Bloodlines
30:09 Husbandry
30:36 Leather Archer Armor
30:44 Hand Cart
32:11 Gold Mining
37:34 Imperial Age
35:19 Thumb Ring
38:15 Bracer
39:23 Chemistry
38:47 Light Cavalry
39:46 Heavy Plow
啊超
10:16 Feudal Age
14:40 Castle Age
12:52 Double-Bit Axe
14:54 Loom
17:02 Husbandry
29:39 Imperial Age
28:28 Forging
28:23 Scale Barding Armor
28:57 Gold Mining
29:04 Stone Mining
29:59 Iron Casting
31:19 Wheelbarrow
30:19 Cavalier
32:59 Gold Shaft Mining
34:44 Paladin
39:37 Blast Furnace
38:58 Chain Barding Armor
Connection lost

Rejoining the realm…

Still unreachable

The connection could not be restored.

Session expired

The server has moved on; the page needs a fresh start.